← All builds
Geo sea / Armada / Economy first / OBSERVED BUILD

Standard geo sea

Armada Geo sea build order · Supreme Isthmus

Shipyard in the cove backed by a bot lab, pushing out early submarines and destroyers to contest the sea while teching up to a geothermal plant around 7:46, the role's bread-and-butter naval contest.

Usually shipyard in the cove (87%)

#naval #eco · 758 distinct matches · 103 players · 80% of Armada Geo sea games · team won 54% of 808 · Recently observed

HOW TO PLAY IT

Key timing: Shipyard by 3:13

  1. Open 3 mex and wind into Bot Lab.
  2. Put up Shipyard with naval turret and BP for defense.
  3. Send out "submarine" then "destroyer" to contest the sea.
  4. Bring geothermal online to fund the fleet.
  5. Add Advanced Metal Extractor as the economy transitions.

Phase by phase

TYPICAL OF ITS 758 GAMES
  1. 1
  2. 2
  3. 3
  4. 4
PLAY THE OPENING

Follow the example game's first 6:00 step by step: what to build now, what comes next, and where it goes. At 1× it keeps pace with your own game.

  1. 1

    Up to the Bot Lab

    Economy
    • Metal Extractor3Mex
    • Wind Turbine3Wind
    Order
    1. Bot LabBot Lab after 3 mex, 3 winddone ~1:12, middle half 1:06–1:17

    Some games also: wind for allies (44%)

    By 0:55 in all: 3 mex · 3 wind

    The example game in this phase · 3 steps
    1. Mex ×3
    2. Wind ×4
    3. Bot LabBot Labdone 1:11 · typical 1:12
  2. 2

    Bot Lab to Shipyard

    Economy
    • Metal Extractor1Mex
    • Wind Turbine1Wind
    Order
    1. ShipyardShipyard after 4 mex, 4 winddone ~3:10, middle half 2:49–3:36
    Builders
    • Construction Bot3 Con bot
    • Lazarus2 Lazarus

    Some games also: pawn (43%) · con turret (37%) · crossbow (34%)

    By 2:47 in all: 4 mex · 4 wind

    The example game in this phase · 21 steps
    1. Construction BotCon bot ×2
    2. Mex
    3. Construction BotCon bot ×2
    4. Mex
    5. Construction BotCon bot
    6. Wind
    7. Con turret
    8. Mex
    9. Wind
    10. Construction BotCon bot
    11. Wind ×2
    12. PawnPawn
    13. Wind
    14. Radar TowerRadar Tower
    15. Wind ×3
    16. AnemoneAnemone
    17. SentrySentry
    18. Energy storage
    19. Converter ×2
    20. SentrySentry
    21. ShipyardShipyarddone 4:48 · typical 3:10
  3. 3

    Shipyard to 5:00

    Economy
    • Metal Extractor4Mex
    • Wind Turbine1Wind
    Builders
    • Construction Ship1 Con ship
    Army
    • Dolphin3 Dolphin
    • Skater1 Skater
    • Corsair1 Destroyer
    Other
    • Radar Tower1 Radar Tower

    Some games also: Sentry (44%) · submarine (44%) · converter (32%) · pawn (32%) · con turret (31%)

    By 5:00 in all: 8 mex · 7 wind · 1 energy storage · 1 con turret

    The example game in this phase · 3 steps
    1. Converter ×4
    2. Construction ShipCon ship
    3. Radar TowerRadar Tower
  4. 4

    5:00 to 10:00

    Economy
    • Metal Extractor2Mex
    • Wind Turbine12Wind
    • Energy Converter2Converter
    Builders
    • Construction Turret1 Con turret
    • Construction Ship1 Con ship
    • Grim Reaper1 Grim Reaper
    Army
    • Sentry1 Sentry
    • Dolphin5 Dolphin
    • Skater2 Skater
    • Corsair2 Destroyer

    Some games also: Radar Tower (48%) · geo (40%) · frigate (39%) · Harpoon (39%) · Naval Construction Turret (34%)

    By 10:00 in all: 11 mex · 19 wind · 1 geo · 4 converter · 1 energy storage · 2 con turret

    The example game in this phase · 131 steps
    1. SkaterSkater
    2. Wind
    3. Mex
    4. DolphinDolphin ×2
    5. Wind
    6. SkaterSkater
    7. DolphinDolphin
    8. Wind
    9. Mex
    10. SkaterSkater
    11. Wind
    12. DolphinDolphin
    13. CorsairDestroyer ×2done 6:03 · typical 5:35
    14. Mex
    15. HarpoonHarpoon
    16. CorsairDestroyer
    17. Geothermal PowerplantGeodone 8:40 · typical 7:46
    18. Mex
    19. Advanced Metal ExtractorT2 mexdone 8:48 · typical 9:17
    20. Naval Hovercraft PlatformNaval Hovercraft Platformdone 8:18
    21. Construction ShipCon ship
    22. Grim ReaperGrim Reaper
    23. HarpoonHarpoon
    24. PossumPossum
    25. Converter
    26. Advanced Metal ExtractorT2 mex
    27. HarpoonHarpoon
    28. Grim ReaperGrim Reaper
    29. PossumPossum
    30. Converter
    31. Naval Radar / Sonar TowerNaval Radar / Sonar Tower
    32. SkaterSkater
    33. Grim ReaperGrim Reaper
    34. Converter ×2
    35. Mex
    36. Converter
    37. Advanced Metal ExtractorT2 mex
    38. HarpoonHarpoon
    39. Mex
    40. Converter
    41. Radar TowerRadar Tower
    42. CorsairDestroyer
    43. Naval Construction Turret
    44. HarpoonHarpoon
    45. Radar TowerRadar Tower
    46. SentrySentry
    47. NettleNettle
    48. CorsairDestroyer
    49. Naval Construction Turret
    50. Naval Radar / Sonar TowerNaval Radar / Sonar Tower
    51. Grim ReaperGrim Reaper
    52. Naval Construction Turret
    53. Advanced Metal ExtractorT2 mex
    54. Con turret
    55. Naval Construction Turret
    56. Con turret
    57. Tidal
    58. SkaterSkater
    59. Tidal ×2
    60. SkaterSkater
    61. Tidal ×2
    62. SkaterSkater
    63. Tidal
    64. Con turret
    65. Grim ReaperGrim Reaper
    66. Tidal
    67. Naval Metal Storage
    68. CorsairDestroyer
    69. Tidal ×3
    70. CorsairDestroyer
    71. Tidal ×4
    72. Con turret
    73. CorsairDestroyer
    74. Tidal
    75. Con turret
    76. Advanced Metal ExtractorT2 mex
    77. Tidal
    78. CorsairDestroyer
    79. Tidal
    80. Wind
    81. Con turret
    82. Wind
    83. Tidal
    84. Wind
    85. CorsairDestroyer
    86. Tidal
    87. Wind ×2
    88. Tidal
    89. Wind ×2
    90. Tidal
    91. Wind
    92. Advanced Metal ExtractorT2 mex
    93. Wind
    94. Converter ×2
    95. CorsairDestroyer
    96. Wind
    97. Tidal
    98. Wind ×6
    99. Tidal
    100. Converter
    101. Wind ×2
    102. SkaterSkater
    103. Wind
    104. Tidal
    105. Wind ×2
    106. CorsairDestroyer
    107. Converter
    108. Wind
    109. Tidal
    110. Converter
    111. Tidal
    112. Wind ×8
    113. CorsairDestroyer
    114. Tidal
    115. Wind ×2
    116. Converter ×3
    117. Wind ×3
    118. CorsairDestroyer
    119. Tidal
    120. Wind ×3
    121. Con turret
    122. Wind ×2
    123. Naval Construction Turret
    124. Wind
    125. Converter ×2
    126. Advanced Geothermal PowerplantAdvanced Geothermal Powerplantnot finished by 15:00
    127. Wind
    128. Naval Construction Turret
    129. Wind
    130. Con turret
    131. Converter

Counts are medians over the build's games: half of them build more, half fewer. The example game is _X_'s (40 OS, 02/10/2026); pick another.

Team trades

IN AT LEAST 30% OF ITS GAMES

You hand over

  • Wind Turbine2 Wind to Airfirst at 1:41 · in 62% of games

You get

  • Finch1 Finch from Airfirst at 1:51 · in 74% of games
  • Hercules1 Light transport from Airfirst at 2:04 · in 63% of games
  • Advanced Construction Bot1 T2 con bot from Techfirst at 7:40 · in 89% of games

How it plays out

Typical game of this build, running totals by minute

Metal produced

010k20k30k
0:005:0010:0015:00

metal

Enemy metal destroyed

05k10k
0:005:0010:0015:00

metal

Own metal lost

02.5k5k7.5k
0:005:0010:0015:00

metal

808 games.

Show as table
ByMetal produced: This buildEnemy metal destroyed: This buildOwn metal lost: This build
1:0039500
2:0092800
3:00160200
4:002915051
5:00414517874
6:005554541307
7:0071111005646
8:00877317501052
9:001065425411692
10:001294534302273
11:001558446593178
12:001859557333936
13:002185669014793
14:002551379915646
15:002898891086662
WHAT THE NUMBERS SAY

Standard Armada geo sea nearly matches Cortex's economy numbers but wins slightly more often at 53%.

  • + Metal produced reaches 28785 by 15:00, the highest of the sea builds
  • + Own metal lost of 6895 stays well under enemy metal destroyed's 9048
  • − Geothermal only lands in 58% of games by 7:34
  • − T2 factory completes in only 40% of games by 12:43
THE EXAMPLE YOU ARE READING

_X_

40.2 OS · 02/10/2026

Open source match ↗

2 received units · includes a constructor
319 metal received · 201388 energy received

Allied construction assistance is unknown. Timings are observations, not a promise of solo reproducibility.

Typical milestones

Bot Lab1:12Middle 50%: 1:06–1:17 · n=775
Shipyard3:10Middle 50%: 2:49–3:36 · n=797
Eel4:21Middle 50%: 3:41–5:34 · n=478
Corsair5:35Middle 50%: 4:50–6:34 · n=746
Geothermal Powerplant7:46Middle 50%: 6:49–9:15 · n=494
Advanced Metal Extractor9:17Middle 50%: 8:36–10:06 · n=702

Played most by

_X_56games of this buildOptimusprimenutt52games of this buildKingBenjai49games of this buildhaaven44games of this buildRexalidus35games of this build